APL (24 & UNDER)
STATE COLLEGE SPIKES @ BEAVERTON BRONZE SOULS
06/19/2028
 
TOP OF THE 1ST
State College Spikes batting - Pitching for Beaverton Bronze Souls : RHP Jesús Gonzáles
Pitching: RHP Jesús Gonzáles
Batting: RHB Victor Gilbert 0-0: Called Strike
0-1: Ball
1-1: Foul Ball, location: 2F
1-2: Strikes out swinging, 2-3 out at first.
Batting: RHB Cory Hester 0-0: Fly out, F6 (Flyball, 6MD)
Batting: RHB Joe Salas 0-0: Ball
1-0: Swinging Strike
1-1: Swinging Strike
1-2: Ball
2-2: Ball
3-2: Strikes out looking
Top of the 1st over - 0 run(s), 0 hit(s), 0 error(s), 0 left on base; State College 0 - Beaverton 0
BOTTOM OF THE 1ST
Beaverton Bronze Souls batting - Pitching for State College Spikes : RHP Bob Howe
Pitching: RHP Bob Howe
Batting: LHB Chris White 0-0: Called Strike
0-1: Called Strike
0-2: Ball
1-2: Ball
2-2: Foul Ball, location: 2F
2-2: Strikes out swinging
Batting: RHB Ed Fuhrman 0-0: Swinging Strike
0-1: Foul Ball, location: 2F
0-2: Ball
1-2: Ball
2-2: Strikes out looking
Batting: RHB José Dávila 0-0: Called Strike
0-1: Foul Ball, location: 2F
0-2: Ball
1-2: Ball
2-2: Ball
3-2: Base on Balls
Batting: SHB Caleb Hart 0-0: Called Strike
0-1: Called Strike
0-2: Foul Ball, location: 2F
0-2: Strikes out swinging
Bottom of the 1st over - 0 run(s), 0 hit(s), 0 error(s), 1 left on base; State College 0 - Beaverton 0
TOP OF THE 2ND
State College Spikes batting - Pitching for Beaverton Bronze Souls : RHP Jesús Gonzáles
Batting: LHB Robin Jamieson 0-0: Ball
1-0: Foul Ball, location: 2F
1-1: SINGLE (Groundball, 4D)
Batting: RHB Luis Árias 0-0: Ball
1-0: Ball
2-0: Ball
3-0: Base on Balls
Robin Jamieson to second
Batting: RHB Vaughan Shelton 0-0: Called Strike
0-1: Ball
1-1: Ball
2-1: Ground out 5-3 (Groundball, 56S)
Robin Jamieson to third
Luis Árias to second
Batting: RHB Diego Benítez 0-0: Foul Ball, location: 2F
0-1: Swinging Strike
0-2: Strikes out swinging
Batting: RHB Daniel Martínez 0-0: Called Strike
0-1: Called Strike
0-2: DOUBLE (Groundball, 5L)
Robin Jamieson scores
Luis Árias scores
Batting: RHB Mike Hurt 0-0: Ball
1-0: Fly out, F6 (Popup, 56)
Top of the 2nd over - 2 run(s), 2 hit(s), 0 error(s), 1 left on base; State College 2 - Beaverton 0
BOTTOM OF THE 2ND
Beaverton Bronze Souls batting - Pitching for State College Spikes : RHP Bob Howe
Batting: RHB Vincente López 0-0: Ball
1-0: SINGLE (Flyball, 56D)
Batting: RHB José Fernández 0-0: Called Strike
0-1: SINGLE (Groundball, 56D)
Vincente López to second
Batting: RHB José López 0-0: Called Strike
0-1: Ball
1-1: SINGLE (Line Drive, 6MD)
Vincente López to third
José Fernández to second
Runner from 3rd tries for Home, throw and OUT!
Batting: LHB Clinton O'Brien 0-0: Foul Ball, location: 2F
0-1: Called Strike
0-2: Strikes out swinging
Batting: LHB Arlen Powers 0-0: Ball
1-0: SINGLE (Groundball, 4) (infield hit)
José Fernández to third
José López to second
Batting: LHB Chris White 0-0: Fly out, F9 (Flyball, 9LM)
Bottom of the 2nd over - 0 run(s), 4 hit(s), 0 error(s), 3 left on base; State College 2 - Beaverton 0
TOP OF THE 3RD
State College Spikes batting - Pitching for Beaverton Bronze Souls : RHP Jesús Gonzáles
Batting: RHB Victor Gilbert 0-0: Called Strike
0-1: Called Strike
0-2: Strikes out swinging
Batting: RHB Cory Hester 0-0: Swinging Strike
0-1: Called Strike
0-2: Foul Ball, location: 2F
0-2: Ball
1-2: Strikes out swinging
Batting: RHB Joe Salas 0-0: Called Strike
0-1: Fly out, F9 (Line Drive, 9)
Top of the 3rd over - 0 run(s), 0 hit(s), 0 error(s), 0 left on base; State College 2 - Beaverton 0
BOTTOM OF THE 3RD
Beaverton Bronze Souls batting - Pitching for State College Spikes : RHP Bob Howe
Batting: RHB Ed Fuhrman 0-0: Called Strike
0-1: Ball
1-1: Foul Ball, location: 2F
1-2: Ball
2-2: Strikes out looking
Batting: RHB José Dávila 0-0: Ball
1-0: Called Strike
1-1: Ball
2-1: Foul Ball, location: 2F
2-2: Foul Ball, location: 2F
2-2: Strikes out swinging
Batting: SHB Caleb Hart 0-0: Ball
1-0: Ball
2-0: SOLO HOME RUN (Flyball, 7D), Distance : 370 ft
Batting: RHB Vincente López 0-0: Called Strike
0-1: Foul Ball, location: 2F
0-2: Ball
1-2: Strikes out swinging
Bottom of the 3rd over - 1 run(s), 1 hit(s), 0 error(s), 0 left on base; State College 2 - Beaverton 1
TOP OF THE 4TH
State College Spikes batting - Pitching for Beaverton Bronze Souls : RHP Jesús Gonzáles
Batting: LHB Robin Jamieson 0-0: Ball
1-0: Called Strike
1-1: SINGLE (Groundball, 3S) (infield hit)
Batting: RHB Luis Árias 0-0: Called Strike
0-1: Ball
1-1: Ball
2-1: Swinging Strike
2-2: Grounds into double play, 6-4-3 (Groundball, 6)
Batting: RHB Vaughan Shelton 0-0: Foul Ball, location: 2F
0-1: Called Strike
0-2: Ball
1-2: Strikes out swinging
Top of the 4th over - 0 run(s), 1 hit(s), 0 error(s), 0 left on base; State College 2 - Beaverton 1
BOTTOM OF THE 4TH
Beaverton Bronze Souls batting - Pitching for State College Spikes : RHP Bob Howe
Batting: RHB José Fernández 0-0: Ground out 5-3 (Groundball, 5L)
Batting: RHB José López 0-0: SINGLE (Line Drive, 78S)
Batting: LHB Clinton O'Brien 0-0: Ball
1-0: Foul Ball, location: 2F
1-1: Swinging Strike
1-2: Strikes out looking
Batting: LHB Arlen Powers 0-0: Ball
1-0: Fly out, F7 (Flyball, 7S)
Bottom of the 4th over - 0 run(s), 1 hit(s), 0 error(s), 1 left on base; State College 2 - Beaverton 1
TOP OF THE 5TH
State College Spikes batting - Pitching for Beaverton Bronze Souls : RHP Jesús Gonzáles
Batting: RHB Diego Benítez 0-0: Ball
1-0: Ball
2-0: Ball
3-0: Base on Balls
Batting: RHB Daniel Martínez 0-0: Ball
1-0: Called Strike
1-1: Ball
2-1: Foul Ball, location: 2F
2-2: Foul Ball, location: 2F
2-2: Strikes out swinging
Batting: RHB Mike Hurt 0-0: Ball
1-0: Swinging Strike
1-1: Swinging Strike
1-2: Strikes out swinging
Batting: RHB Victor Gilbert 0-0: Fielders Choice at 2nd, 6-4 (Groundball, 6)
Top of the 5th over - 0 run(s), 0 hit(s), 0 error(s), 0 left on base; State College 2 - Beaverton 1
BOTTOM OF THE 5TH
Beaverton Bronze Souls batting - Pitching for State College Spikes : RHP Bob Howe
Batting: LHB Chris White 0-0: Called Strike
0-1: Ball
1-1: Ball
2-1: Ground out 4-3 (Groundball, 4S)
Batting: RHB Ed Fuhrman 0-0: Ball
1-0: Ball
2-0: Ball
3-0: Base on Balls
Batting: RHB José Dávila 0-0: Swinging Strike
0-1: Ball
1-1: Ball
2-1: Foul Ball, location: 2F
2-2: Ball
Wild Pitch!
Ed Fuhrman to second
3-2: Ground out 5-3 (Groundball, 56S)
Ed Fuhrman to third
Batting: SHB Caleb Hart 0-0: Foul Ball, location: 2F
0-1: Called Strike
0-2: Fly out, F6 (Line Drive, 6M)
Bottom of the 5th over - 0 run(s), 0 hit(s), 0 error(s), 1 left on base; State College 2 - Beaverton 1
TOP OF THE 6TH
State College Spikes batting - Pitching for Beaverton Bronze Souls : RHP Jesús Gonzáles
Batting: RHB Cory Hester 0-0: Called Strike
0-1: Called Strike
0-2: Ball
1-2: Strikes out swinging
Batting: RHB Joe Salas 0-0: Ball
1-0: SINGLE (Line Drive, 9S)
Batting: LHB Robin Jamieson 0-0: Ball
1-0: Ball
2-0: SINGLE (Groundball, 56S) (infield hit)
Joe Salas to second
Batting: RHB Luis Árias 0-0: Ball
1-0: Ball
2-0: Ball
Joe Salas steals 3rd base
Robin Jamieson to second
3-0: Intentional Walk
Batting: RHB Vaughan Shelton 0-0: Foul Ball, location: 2F
0-1: Ball
1-1: Swinging Strike
1-2: Foul Ball, location: 2F
1-2: Ball
2-2: Foul Ball, location: 2F
2-2: Strikes out looking
Pitching: LHP Al McGuire
Batting: RHB Diego Benítez 0-0: Ball
1-0: Foul Ball, location: 2F
1-1: Foul Ball, location: 2F
1-2: Strikes out swinging
Top of the 6th over - 0 run(s), 2 hit(s), 0 error(s), 3 left on base; State College 2 - Beaverton 1
BOTTOM OF THE 6TH
Beaverton Bronze Souls batting - Pitching for State College Spikes : RHP Bob Howe
Batting: RHB Vincente López 0-0: Called Strike
0-1: Foul Ball, location: 2F
0-2: Fly out, F8 (Line Drive, 8LD)
Batting: RHB José Fernández 0-0: Ball
1-0: Swinging Strike
1-1: Fly out, F7 (Flyball, 78S)
Batting: RHB José López 0-0: Called Strike
0-1: Fly out, F6 (Popup, 56)
Bottom of the 6th over - 0 run(s), 0 hit(s), 0 error(s), 0 left on base; State College 2 - Beaverton 1
TOP OF THE 7TH
State College Spikes batting - Pitching for Beaverton Bronze Souls : LHP Al McGuire
Batting: RHB Daniel Martínez 0-0: Fly out, F6 (Line Drive, 6)
Batting: RHB Mike Hurt 0-0: Ball
1-0: Swinging Strike
1-1: Swinging Strike
1-2: Strikes out swinging
Batting: RHB Victor Gilbert 0-0: Fly out, F8 (Flyball, 8LD)
Top of the 7th over - 0 run(s), 0 hit(s), 0 error(s), 0 left on base; State College 2 - Beaverton 1
BOTTOM OF THE 7TH
Beaverton Bronze Souls batting - Pitching for State College Spikes : RHP Bob Howe
Pitching: RHP Albert Scott
Batting: LHB Clinton O'Brien 0-0: Ball
1-0: Foul Ball, location: 2F
1-1: Ball
2-1: Ball
3-1: Ground out 5-3 (Groundball, 5)
Batting: LHB Arlen Powers 0-0: Foul Ball, location: 2F
0-1: Ball
1-1: SINGLE (Flyball, 78S)
Pinch Hitting: LHB Juan Palácios 0-0: Called Strike
0-1: Ball
1-1: SINGLE (Line Drive, 78S)
Arlen Powers to second
Pinch Hitting: RHB Joe Brinkman 0-0: Ball
1-0: Swinging Strike
1-1: Ball
2-1: SINGLE (Line Drive, 6M)
Arlen Powers to third
Juan Palácios to second
Runner from 3rd tries for Home, SAFE, no throw
Batting: RHB José Dávila 0-0: Ball
1-0: Ball
2-0: Ball
3-0: Called Strike
3-1: Called Strike
3-2: Foul Ball, location: 2F
3-2: Base on Balls
Juan Palácios to third
Joe Brinkman to second
Pitching: RHP Ricardo Gutiérrez
Batting: SHB Caleb Hart 0-0: Ball
1-0: Called Strike
1-1: Called Strike
1-2: Strikes out swinging
Batting: RHB Vincente López 0-0: Called Strike
0-1: Ball
1-1: Swinging Strike
1-2: Foul Ball, location: 2F
1-2: Foul Ball, location: 2F
1-2: Ball
2-2: Foul Ball, location: 2F
2-2: Strikes out swinging
Bottom of the 7th over - 1 run(s), 3 hit(s), 0 error(s), 3 left on base; State College 2 - Beaverton 2
TOP OF THE 8TH
State College Spikes batting - Pitching for Beaverton Bronze Souls : LHP Al McGuire
Now at 1B: Nathan Smith
Now in LF: Juan Palácios
Pinch Hitting: RHB Emory Brooks 0-0: Swinging Strike
0-1: Foul Ball, location: 2F
0-2: Foul Ball, location: 2F
0-2: Ball
1-2: Foul Ball, location: 2F
1-2: Ball
2-2: Ball
3-2: Base on Balls
Pinch Runner at 1st José Maldonado:
Batting: RHB Joe Salas 0-0: Ball
1-0: Called Strike
1-1: SINGLE (Line Drive, 4)
José Maldonado to second
Runner from 2nd tries for 3rd, SAFE, throw made to third
Joe Salas to second
Pinch Hitting: RHB Luis Montoya 0-0: Intentional Walk
Batting: RHB Luis Árias 0-0: Ball
1-0: Ball
2-0: Ball
3-0: Called Strike
3-1: Foul Ball, location: 2F
3-2: Strikes out looking
Pinch Hitting: RHB Ira Ross 0-0: Called Strike
0-1: Ball
1-1: Foul Ball, location: 2F
1-2: Fly out, F9 (Flyball, 9)
Runner from 3rd tags up, SCORES, no throw
Batting: RHB Diego Benítez 0-0: Called Strike
0-1: Ball
1-1: Ball
2-1: Foul Ball, location: 2F
2-2: Fly out, F7 (Flyball, 7LD)
Top of the 8th over - 1 run(s), 1 hit(s), 0 error(s), 2 left on base; State College 3 - Beaverton 2
BOTTOM OF THE 8TH
Beaverton Bronze Souls batting - Pitching for State College Spikes : RHP Ricardo Gutiérrez
Now at 2B: José Maldonado
Now at SS: Luis Montoya
Now in LF: Matt Tucker
Now in RF: Dave Boom
Batting: RHB José Fernández 0-0: Foul Ball, location: 2F
0-1: Ball
1-1: Called Strike
1-2: Ball
2-2: Ground out 6-3 (Groundball, 6)
Pitching: LHP Michael Stewart
Batting: RHB José López 0-0: Called Strike
0-1: Ball
1-1: Ball
2-1: Foul Ball, location: 2F
2-2: Ball
3-2: Strikes out swinging
Batting: LHB Clinton O'Brien 0-0: Ground out 5-3 (Groundball, 56)
Bottom of the 8th over - 0 run(s), 0 hit(s), 0 error(s), 0 left on base; State College 3 - Beaverton 2
TOP OF THE 9TH
State College Spikes batting - Pitching for Beaverton Bronze Souls : LHP Al McGuire
Pitching: LHP Gabriel Rodríguez
Batting: RHB Daniel Martínez 0-0: DOUBLE (Line Drive, 9LS)
Pinch Hitting: RHB Millard Walker 0-0: Intentional Walk
Pinch Hitting: RHB Roberto Chávez 0-0: Called Strike
0-1: Bunted foul
0-2: Ball
1-2: Strikes out swinging
Pinch Hitting: RHB Julián Garza 0-0: Foul Ball, location: 2F
0-1: SINGLE (Flyball, 8LS)
Daniel Martínez to third
Millard Walker to second
Runner from 3rd tries for Home, SAFE, throw made home
Millard Walker to third
Julián Garza to second
Batting: RHB Joe Salas 0-0: Ball
1-0: Ball
2-0: Ground out 6-3 (Groundball, 6)
Batting: RHB Luis Montoya 0-0: Called Strike
0-1: Ball
1-1: Ground out 5-3 (Groundball, 5)
Top of the 9th over - 1 run(s), 2 hit(s), 0 error(s), 2 left on base; State College 4 - Beaverton 2
BOTTOM OF THE 9TH
Beaverton Bronze Souls batting - Pitching for State College Spikes : LHP Michael Stewart
Now at 1B: Roberto Chávez
Now at 2B: Julián Garza
Now in CF: Juan Carlos Ramos
Batting: LHB Arlen Powers 0-0: Called Strike
0-1: Fly out, F6 (Popup, 6MS)
Batting: LHB Juan Palácios 0-0: Foul Ball, location: 2F
0-1: Foul Ball, location: 2F
0-2: Ball
1-2: Strikes out looking
Batting: RHB Nathan Smith 0-0: Ball
1-0: Called Strike
1-1: Called Strike
1-2: Foul Ball, location: 2F
1-2: Strikes out swinging
Bottom of the 9th over - 0 run(s), 0 hit(s), 0 error(s), 0 left on base; State College 4 - Beaverton 2
Tuesday, August 8th, 2017 - OOTP Baseball 17.12 Build 75